 Dungeon Crawl Stone Soup version 0.29-a0-323-g050149af67 (webtiles) character file.

Game seed: 10462314171526481391

46 nickcage the Gusty (level 3, 0/16 HPs)
             Began as a Vine Stalker Air Elementalist on Apr 11, 2022.
             Slain by Terence
             ... wielding a +0 trident
              (10 damage)
             ... on level 2 of the Dungeon.
             The game lasted 00:08:21 (2285 turns).

nickcage the Gusty (Vine Stalker Air Elementalist)  Turns: 2285, Time: 00:08:22

Health: 0/16       AC:  3    Str: 10    XL:     3   Next: 66%
Magic:  0/7        EV: 12    Int: 17    God:
Gold:   73         SH:  0    Dex: 14    Spells: 3/6 levels left

rFire   . . .      SeeInvis .   k - +0 dagger (venom)
rCold   . . .      Faith    .   (no shield)
rNeg    . . .      Spirit   +   a - +0 robe
rPois   .          Reflect  .   (no helmet)
rElec   .          Harm     .   (no cloak)
rCorr   .          Rampage  .   (no gloves)
Will    .....                   f - +0 pair of boots
Stlth   ++........              (no amulet)
HPRegen 0.05/turn               (no ring)
MPRegen 0.10/turn               (no ring)

@: no status effects
A: fangs 2, magic shield, antimagic bite, no potion heal 2
a: no special abilities


You were on level 2 of the Dungeon.
You visited 1 branch of the dungeon, and saw 2 of its levels.

You collected 73 gold pieces.

Inventory:

Hand Weapons
 d - a +0 whip
 h - a +0 dagger of draining
 k - a +0 dagger of venom (weapon)
Armour
 a - a +0 robe (worn)
 f - a +0 pair of boots (worn)
Wands
 j - a wand of flame (13)
Scrolls
 g - a scroll of vulnerability {unknown}
 i - 3 scrolls of identify {unknown}
 l - a scroll of fear {unknown}
 m - a scroll of amnesia {unknown}
 n - a scroll of brand weapon {unknown}
 o - a scroll of noise {unknown}
Potions
 b - a potion of magic
 c - 5 potions of curing {unknown}
 e - 2 potions of heal wounds {unknown}


   Skills:
 - Level 1.5 Dodging
 - Level 2.4 Stealth
 - Level 2.1 Spellcasting
 - Level 1.0 Conjurations
 + Level 4.5 Air Magic


You had 3 spell levels left.
You knew the following spells:

 Your Spells              Type           Power      Damage    Failure   Level
a - Shock                 Conj/Air       44%        1d5       6%          1
b - Static Discharge      Conj/Air       11%        N/A       10%         2

Your spell library contained the following spells:

 Spells                   Type           Power      Damage    Failure   Level
 Swiftness                Air            17%        N/A       9%          3
 Slow                     Hex            4%         N/A       19%         1
 Confusing Touch          Hex            1%         N/A       50%         3
 Vampiric Draining        Necr           1%         2d6       50%         3
 Airstrike                Air            8%         N/A       28%         4


Dungeon Overview and Level Annotations

Branches:
Dungeon (2/15)

Altars:

Annotations:
D:2 Terence


Innate Abilities, Weirdness & Mutations

You have extremely sharp teeth.
When hurt, damage is shared between your health and your magic reserves.
Your bite disrupts and absorbs the magic of your enemies.
Potions cannot restore your health.


Message History

You now have 73 gold pieces (gained 5).
You open the door.
There is an open door here.
o - a scroll labelled ISESMO FAJY
There is an open door here.
You see here a +0 club.
You open the door.
There is an open door here.
You open the door.
There is an open door here.
There is an open door here.
The zap hits the giant cockroach.
The giant cockroach is moderately wounded.
The zap hits the giant cockroach.
The giant cockroach is severely wounded.
The zap misses the giant cockroach.
The zap hits the giant cockroach.
You kill the giant cockroach!
Magic restored.
Terence the Incautious comes into view.
He is wielding a +0 trident.
Found a scroll labelled VYUVEW JIOTS and 16 gold pieces.
The zap hits Terence.
Terence is lightly wounded.
Terence shouts!
A giant cockroach comes into view.
The zap hits Terence but does no damage.
Terence is lightly wounded.
The zap misses the giant cockroach.
The zap hits Terence but does no damage.
Terence is lightly wounded.
Terence hits you from afar with a +0 trident.
The zap hits Terence.
Terence is moderately wounded.
The zap hits the giant cockroach.
You kill the giant cockroach!
Terence hits you from afar with a +0 trident.
The zap misses Terence.
Terence barely misses you.
Found 16 gold pieces.
Terence hits you with a +0 trident!
Ouch! That really hurt!
You die...

#.....###.##...# #.#....
#.....# #.##...# #......
####### #[##...## ##.....
#..#....## #.#.>. ##.......##
#.#.#. #### ##...<...####.#.#.
#.... #....##......#...
...$.?##.#####.#....#...
......@@.# #..........
$......##### #.#.##.#.#.
.......#...###.#........
.......#.#.........#..#.
######......##..####.##..##..#
#...(##...)# ##...#..##.......
#.....##### ###.#.####..##..
#.......#########.#.#####.....
#.......##.^.........##......#


You could see Terence.

Vanquished Creatures
  A worm (D:2)
  3 dart slugs (D:1)
  7 ball pythons
  2 endoplasms (D:2)
  8 giant cockroaches
  3 goblins
  A hobgoblin (D:1)
  A kobold (D:2)
  A quokka (D:2)
  5 bats
  A frilled lizard (D:1)
  A rat (D:1)
34 creatures vanquished.

Vanquished Creatures (others)
  3 plants (D:1)
3 creatures vanquished.

Grand Total: 37 creatures vanquished

Notes
Turn   | Place    | Note
-------+----------+-------------------------------------------
     0 | D:1      | nickcage the Vine Stalker Air Elementalist began the quest
                  | for the Orb.
     0 | D:1      | Reached XP level 1. HP: 9/9 MP: 4/4
   453 | D:1      | Reached XP level 2. HP: 13/13 MP: 0/6
   456 | D:1      | Learned a level 2 spell: Static Discharge
   853 | D:1      | Found a faded altar of an unknown god.
  1026 | D:1      | Reached skill level 4 in Air Magic
  1565 | D:2      | Reached XP level 3. HP: 13/16 MP: 1/7
  2278 | D:2      | Noticed Terence
  2285 | D:2      | Slain by Terence

Illustrated notes

Levels and vault maps discovered:
D:1:      dpeg_arrival_line_fractal, layout_loops_ring,
          shapermc_ecumenical_altar_mp_ritualfount, serial_co_window_serial,
          co_window_corner_a, co_window_corner_a, co_window_cross_1,
          co_window_paths_a, co_window_paths_b, co_window_2corner,
          co_window_corner_b, co_window_paths_c, co_window_paths_c,
          co_window_4corner_b, glass_columns_a, glass_columns_a,
          glass_columns_a, glass_columns_a
D:2:      minmay_roachtagon, layout_rooms, kennysheep_generic_room_16,
          uniq_terence

Skill      XL: |  1  2 |
---------------+-------+-----
Air Magic      | 4 |  4.5
Dodging        | |  1.5
Stealth        | |  2.4
Spellcasting   | |  2.1
Conjurations   | |  1.0

Action                   || total
-------------------------++-------
Melee: Whip              ||     5
       Unarmed           ||     1
       Dagger            ||     3
       Bite              ||     3
 Cast: Shock             ||    73
       Static Discharge  ||     2
Armor: Robe              ||     6
Dodge: Dodged            ||    18

Table legend: (Time is in decaauts)
 A = Elapsed time spent in this place.
 B = Non-inter-level travel time spent in this place.
 C = Inter-level travel time spent in this place.
 D = Time resting spent in this place.
 E = Time spent auto-exploring this place.
 F = Levels seen in this place.
 G = Mean time per level.
                   A        B        C        D        E       F      G
               +--------+--------+--------+--------+--------+-----+--------+
         Total |   2284 |   2185 |     99 |    354 |   1602 |   2 | 1142.0 |
       Dungeon |   2284 |   2185 |     99 |    354 |   1602 |   2 | 1142.0 |
               +--------+--------+--------+--------+--------+-----+--------+

Top non-repeatable levels by time:
     D:1: 1551 daAuts
     D:2: 732 daAuts
